Map: Orbital Shipyard

Players

lesha - Winner!

  • Race: Terran Terran
  • League: Gold

Gomba

  • Race: Protoss Protoss
  • League: Silver

VOD

Have the link to the VOD?

Description

Time

  • Played on: Jan. 9, 2016, 9:48 a.m.
  • Length: 11:06
Show
View Real Time Build Order
Export as new Build Order

lesha Terran - Winner!

Build Orders: Reaper Expand, MMM Bio 

Get SALT Encoding   

  12  0:01  SCV  
  13  0:13  SCV  
  14  0:21  Supply Depot  
  14  0:25  SCV  
  15  0:32  Refinery  
  15  0:43  SCV  
  15  0:47  Barracks  
  16  0:55  SCV  
  17  1:07  SCV  
  18  1:19  SCV  
  19  1:33  Orbital Command  
  19  1:35  Reaper  
  20  1:46  Command Center  
  20  1:58  Supply Depot  
  20  2:05  SCV  
  21  2:13  Barracks Reactor  
  21  2:21  SCV, Refinery  
  21  2:22  Factory  
  22  2:33  Barracks  
  22  2:34  SCV  
  23  3:02  SCV  
  23  3:03  Orbital Command  
  23  3:08  Marine x2  
  25  3:14  SCV  
  25  3:17  Bunker  
  26  3:21  Starport  
  26  3:25  Barracks  
  26  3:28  SCV  
  26  3:30  SCV  
  26  3:33  Barracks Tech Lab  
  28  3:40  Marine x2  
  30  3:45  SCV x2  
  30  3:48  Factory Tech Lab  
  32  3:52  Stimpack  
  33  3:56  Marauder  
  33  3:58  SCV x2  
  33  4:01  Engineering Bay  
  36  4:08  Marine x2  
  36  4:09  Starport Reactor  
  38  4:13  Barracks Reactor  
  38  4:25  Barracks  
  38  4:26  Terran Infantry Weapons Level 1  
  38  4:27  Marine x2  
  38  4:28  Marauder  
  42  4:31  SCV x2  
  44  4:41  Supply Depot  
  44  4:43  SCV x2, Supply Depot  
  46  5:03  Medivac, Marine x4  
  46  5:05  SCV x2  
  54  5:08  Medivac  
  54  5:10  Marauder  
  58  5:15  Refinery  
  58  5:16  Refinery  
  58  5:21  Barracks Tech Lab  
  58  5:22  Marine  
  58  5:23  Marine x3  
  62  5:39  Command Center  
  62  5:42  Supply Depot  
  62  5:43  Supply Depot  
  62  5:45  Missile Turret  
  62  5:48  Missile Turret  
  62  6:01  Missile Turret  
  62  6:04  Marauder, Marine x5  
  62  6:06  Concussive Shells  
  69  6:17  Supply Depot, SCV x2  
  71  6:18  Supply Depot  
  71  6:20  Medivac  
  71  6:21  Medivac  
  71  6:22  Marine x2  
  77  6:27  Engineering Bay  
  77  6:40  Supply Depot  
  77  6:41  Marine x5  
  77  6:42  Marauder  
  72  6:59  Marine x2  
  72  7:00  Marauder  
  72  7:01  Marine x2  
  74  7:03  Marine  
  71  7:26  Medivac x2  
  71  7:27  Marine x3  
  71  7:28  Marauder x2  
  77  7:31  Marine  
  78  7:45  Marine x2  
  78  7:50  Marauder  
  82  7:53  Orbital Command  
  82  7:57  SCV  
  82  7:58  SCV  
  84  8:04  Marine x5  
  89  8:06  Medivac  
  89  8:10  SCV x2  
  93  8:13  Terran Infantry Armor Level 1  
  93  8:19  Armory, Combat Shields  
  93  8:21  Marine  
  93  8:22  SCV  
  95  8:30  SCV  
  95  8:33  SCV  
  95  8:34  SCV  
  98  8:35  Marine x2  
  98  8:36  Marine x2  
  98  8:40  Medivac  
  104  8:43  SCV  
  104  8:44  Marauder  
  104  8:45  Marauder  
  109  8:53  Marine x2  
  109  8:54  Missile Turret  
  109  8:55  Missile Turret  
  111  9:04  Barracks x2  
  111  9:05  SCV x3  
  111  9:06  Marauder  
  116  9:10  Marine  
  116  9:11  Barracks  
  117  9:20  SCV  
  117  9:24  Supply Depot  
  117  9:25  SCV, Supply Depot  
  117  9:27  Supply Depot  
  117  9:28  SCV  
  117  9:46  SCV x3, Marauder x2, Marine x4  
  128  9:54  Missile Turret  
  128  9:55  Refinery  
  128  9:56  Refinery  
  128  9:58  SCV  
  128  9:59  Barracks Tech Lab  
  129  10:00  Barracks Tech Lab x2  
  129  10:03  Marine  
  129  10:04  Marine  
  129  10:05  Missile Turret x2  
  131  10:07  Marauder x2  
  123  10:17  Marine  
  120  10:29  Marauder  
  120  10:34  Marine  
  120  10:35  Marine x5  
  125  10:36  Marauder x2  
  125  10:38  SCV x2  
  125  10:39  SCV  
  136  10:50  SCV  
  136  10:51  SCV  
  141  11:02  Supply Depot  
  141  11:04  Supply Depot  
  141  11:06  Supply Depot  
Show
View Real Time Build Order
Export as new Build Order

Gomba Protoss 

Build Orders: Nexus First 

Get SALT Encoding   

  12  0:01  Probe (Chrono Boost)  
  13  0:12  Probe (Chrono Boost)  
  14  0:21  Pylon  
  14  0:23  Probe (Chrono Boost)  
  15  0:39  Probe (Chrono Boost)  
  17  0:50  Probe (Chrono Boost)  
  17  1:00  Nexus  
  17  1:11  Gateway  
  17  1:14  Assimilator  
  17  1:21  Probe (Chrono Boost)  
  18  1:27  Pylon  
  18  1:31  Probe (Chrono Boost)  
  19  1:41  Assimilator  
  19  1:42  Probe (Chrono Boost)  
  20  1:53  Probe (Chrono Boost)  
  21  1:59  Cybernetics Core  
  21  2:01  Zealot  
  22  2:16  Probe x2 (Chrono Boost)  
  24  2:26  Probe (Chrono Boost)  
  24  2:27  Probe (Chrono Boost)  
  26  2:37  Mothership Core (Chrono Boost)  
  26  2:38  Stalker  
  28  3:04  Probe x2 (Chrono Boost)  
  30  3:10  Robotics Facility  
  30  3:14  Probe (Chrono Boost)  
  30  3:15  Warp Gate (Chrono Boost)  
  31  3:23  Gateway x2  
  31  3:29  Gateway  
  31  3:34  Gateway  
  31  3:41  Pylon  
  31  3:44  Probe x2  
  33  3:58  Observer  
  34  4:11  Probe  
  34  4:12  Probe  
  36  4:20  Immortal  
  36  4:21  Probe  
  36  4:22  Stalker  
  45  4:24  Sentry, Probe  
  45  4:27  Sentry  
  48  4:42  Probe  
  48  4:43  Probe  
  50  4:48  Assimilator  
  50  4:52  Probe, Assimilator  
  50  4:55  Probe  
  50  4:59  Warp Prism  
  54  5:05  Pylon  
  54  5:08  Pylon  
  54  5:12  Pylon  
  54  5:22  Probe  
  54  5:23  Probe  
  54  5:28  Stalker x2  
  58  5:29  Stalker  
  58  5:32  Sentry x2, Probe  
  68  5:35  Probe  
  68  6:00  Zealot x3  
  68  6:01  Zealot x2  
  78  6:07  Twilight Council  
  78  6:08  Pylon  
  78  6:39  Pylon  
  78  7:12  Zealot x4  
  78  7:13  Zealot  
  72  7:35  Templar Archives  
  70  7:38  Stalker x3  
  70  7:39  Stalker x2  
  70  7:40  Immortal  
  84  7:52  Gateway  
  84  7:53  Gateway  
  84  7:54  Gateway  
  84  8:07  Zealot  
  84  8:08  Zealot x2  
  84  8:09  Zealot  
  84  8:11  Stalker, Nexus  
  94  8:19  Psionic Storm  
  94  8:35  Pylon  
  94  8:38  Pylon  
  94  8:40  Pylon  
  94  8:55  Pylon  
  94  8:58  Pylon  
  90  9:26  High Templar x3  
  90  9:27  High Templar x3  
  98  9:40  Forge x2  
  98  9:45  Assimilator  
  98  9:48  Stalker  
  98  9:50  Assimilator  
  46  10:43  High Templar x3  
  46  10:44  High Templar  
  51  10:50  Archon x2  
  51  10:57  High Templar  
Tags
 
Add a new tag
Caveats
  • Supply blocks, unpowered buildings, or Contaminate may cause inaccurate times.
  • Supply counts are checked every 10 seconds.